 Dungeon Crawl Stone Soup version 0.27.1-4-g1640c2035a (webtiles) character file.

Game seed: 17084909731696533391

285399 TheDoctor the Fetichist (level 21, -2/152 HPs)
             Began as a Djinni Hedge Wizard on Oct 31, 2021.
             Was the Champion of Nemelex Xobeh.
             Killed from afar by an ironbound frostheart (24 damage)
             ... by creeping frost
             ... on level 2 of the Vaults on Nov 10, 2021.
             The game lasted 04:08:52 (49085 turns).

TheDoctor the Fetichist (Djinni Hedge Wizard)      Turns: 49085, Time: 04:08:52

Health: -2/152     AC: 12    Str:  7    XL:     21   Next: 49%
Gold:   1271       EV: 21    Int: 28    God:    Nemelex Xobeh [******] SH: 13 Dex: 19

rFire    + + +     SeeInvis +   k - +6 rapier "Ruref" {drain, Str-2 Int+3 Dex+5}
rCold    . . .     Faith    .   z - +1 kite shield {reflect}
rNeg     . . .     Spirit   .   P - +0 troll leather armour
rPois    ∞         Reflect  +   R - +1 helmet {SInv}
rElec    .         Harm     .   H - scarf {rC+ rF+}
rCorr    .         Rampage  .   h - +0 pair of gloves
Will     ++...                  (boots unavailable)
Stlth    ++........             (no amulet)
HPRegen  1.35/turn              G - +4 ring of protection
MPRegen  0.00/turn              I - +4 ring of evasion

@: flying
A: sickness immunity, fire resistance 2, cold vulnerability 1, float, innate
caster, hp casting, extra vitality 1
}: 2/15 runes: barnacled, gossamer
a: Renounce Religion, Draw Escape, Draw Destruction, Draw Summoning, Triple
Draw, Deal Four, Stack Five


You were on level 2 of the Vaults.
You worshipped Nemelex Xobeh.
Nemelex Xobeh was exalted by your worship.
You visited 8 branches of the dungeon, and saw 35 of its levels.
You visited 1 bazaar.
You also visited: Gauntlet and Volcano.

You collected 3961 gold pieces.
You spent 2690 gold pieces at shops.

Inventory:

Hand Weapons
 k - the +6 rapier "Ruref" (weapon) {drain, Str-2 Int+3 Dex+5}
   (You found it on level 3 of the Shoals)

   A truly terrible weapon, it drains the life of any living foe it strikes.
   Str:       It affects your strength (-2).
   Int:       It affects your intelligence (+3).
   Dex:       It affects your dexterity (+5).
 w - the +5 trident "Quovuhuf" {freeze, rPois SInv}
   (You found it on level 4 of the Dungeon)

   It freezes those it strikes, dealing additional cold damage.
   It can also slow down cold-blooded creatures.
   rPois:     It protects you from poison.
   SInv:      It lets you see invisible.
 y - the +8 lance "Wyrmbane" {slay drac, rPois rF+ rC+ AC+3}
   (You bought it in a shop on level 2 of the Orcish Mines)

   It inflicts extra damage against dragons and draconians.
   AC:        It affects your AC (+3).
   rF:        It protects you from fire.
   rC:        It protects you from cold.
   rPois:     It protects you from poison.
Missiles
 b - 77 poisoned darts (quivered)
 i - 2 throwing nets
 W - 3 curare-tipped darts
Armour
 h - a +0 pair of gloves (worn)
 z - a +1 kite shield of reflection (worn)
 H - a scarf of resistance (worn)
 P - a +0 troll leather armour (worn)
 R - a +1 helmet of see invisible (worn)
Jewellery
 d - a ring of protection from cold
 B - a ring of protection from cold
 G - a +4 ring of protection (left hand)
 I - a +4 ring of evasion (right hand)
 O - a +6 ring of intelligence
Wands
 a - a wand of acid (25)
 v - a wand of flame (53)
 x - a wand of digging (10)
 F - a wand of mindburst (11)
 L - a wand of iceblast (57)
 N - a wand of charming (28)
 T - a wand of paralysis (25)
Scrolls
 c - a scroll of acquirement
 e - 4 scrolls of identify
 g - 3 scrolls of fear
 l - 4 scrolls of vulnerability
 m - 3 scrolls of fog
 o - 5 scrolls of blinking
 p - 15 scrolls of teleportation
 r - 3 scrolls of immolation
 t - a scroll of magic mapping
 C - a scroll of silence
Potions
 f - 6 potions of curing
 n - 6 potions of heal wounds
 s - 2 potions of invisibility
 u - 3 potions of haste
 D - 3 potions of resistance
 E - 6 potions of brilliance
 K - a potion of cancellation
 M - a potion of berserk rage
 S - 4 potions of ambrosia
 Y - 3 potions of lignification
Miscellaneous
 j - a phantom mirror
 q - a phial of floods
 A - a piece from Xom's chessboard (15/15)
 J - a phantom mirror
 U - a phantom mirror
 V - a phantom mirror


   Skills:
 + Level 14.1 Fighting
 - Level 7.1 Armour
 + Level 9.8 Dodging
 - Level 1.5 Stealth
 - Level 13.0 Shields
 + Level 15.6 Spellcasting
 - Level 14.0 Invocations
 - Level 15.7 Evocations


You couldn't memorise any spells.
You knew the following spells:

 Your Spells              Type           Power      Damage    Failure   Level
a - Magic Dart            Conj           100%       1d8       0%          1
b - Blink                 Tloc           N/A        N/A       0%          2
c - Call Imp              Summ           83%        N/A       0%          2
d - Slow                  Hex            83%        N/A       0%          2
e - Conjure Flame         Conj/Fire      83%        6-21      1%          3
f - Mephitic Cloud        Conj/Pois/Air  83%        N/A       1%          3
g - Animate Skeleton      Necr           100%       N/A       0%          1
h - Ensorcelled Hibernat  Hex/Ice        100%       N/A       0%          2
i - Tukima's Dance        Hex            83%        N/A       1%          3
j - Fulminant Prism       Conj/Hex       41%        3d20      1%          4
k - Silence               Hex/Air        41%        N/A       1%          5
l - Metabolic Englaciati  Hex/Ice        41%        N/A       1%          5
m - Dispersal             Tloc           41%        N/A       1%          6
n - Iron Shot             Conj/Erth      41%        9d8       1%          6
o - Storm Form            Tmut/Air       41%        N/A       5%          7
p - Spellforged Servitor  Conj/Summ      41%        N/A       5%          7
Your spell library was empty.

Dungeon Overview and Level Annotations

Branches:
Dungeon (15/15)            Temple (1/1) D:5            Lair (6/6) D:8
 Shoals (4/4) Lair:2       Spider (4/4) Lair:2        Slime (0/5) Lair:6
    Orc (2/2) D:11            Elf (0/3) Orc:2        Vaults (2/5) D:14
 Depths (1/5) D:15        Volcano (visited)         Gauntlet (visited)
  Crypt: Vaults:2-3

Altars:
Ashenzari
Cheibriados
Dithmenos
Elyvilon
Fedhas
Gozag
Hepliaklqana
Kikubaaqudgha
Makhleb
Nemelex Xobeh
Okawaru
Qazlal
Ru
Sif Muna
Trog
Uskayaw
Vehumet
Wu Jian
Xom
Yredelemnul
Zin
The Shining One
Lugonu

Shops:
D:7 *   D:10 [   D:14 !   Orc:2 [?![(   Shoals:3 *   Vaults:1 [   Vaults:2 [!:

Portals:
Abyss: Lair:6
Trove: D:15 (give +3 shadow dragon scales)

Annotations:
D:5 1 runed translucent door
D:10 exclusion: ice statue
Lair:3 3 runed translucent doors, GlazedDonut's ghost, journeyman MiBe
Shoals:1 3 runed translucent doors, exclusion: obsidian statue, cdecastro's ghost, adept MiBe


Innate Abilities, Weirdness & Mutations

You are immune to sickness and miasma.
You are immune to poison.
Your flesh is very heat resistant. (rF++)
You are vulnerable to cold. (rC-)
You float through the air rather than walking.
You learn spells naturally, not from books.
Your magical power is your life essence.
You have superior vitality. (+4 HP)


Message History

Unknown command.
There is an open door, spattered with blood here.
Things that are here:
a +0 morningstar; a +0 ring mail; a deep troll corpse
Casting: Metabolic Englaciation (mildly dangerous; 1% risk of failure)
Confirm with . or Enter, or press ? or * to list all spells.
Okay, then.
Casting: Metabolic Englaciation (mildly dangerous; 1% risk of failure)
Confirm with . or Enter, or press ? or * to list all spells.
Aiming: Iron Shot (mildly dangerous; 1% risk of failure)
Press: ? - help, Shift-Dir - straight line, f - centaur warrior
Aim: a centaur warrior, wielding a +0 shortbow and quivering arrows (black smoke, almost dead, slow, 82% to hit)
The iron shot hits the centaur warrior!!!
You kill the centaur warrior!
* * * LOW HITPOINT WARNING * * *
Casting: Iron Shot (mildly dangerous; 1% risk of failure)
Confirm with . or Enter, or press ? or * to list all spells.
Aiming: Iron Shot (mildly dangerous; 1% risk of failure)
Press: ? - help, Shift-Dir - straight line, f - ironbound convoker
Aim: an ironbound convoker, wielding a +0 flail and wearing a +0 ring mail (black smoke, heavily wounded, 79% to hit)
The iron shot hits the ironbound convoker!!!
You kill the ironbound convoker!
* * * LOW HITPOINT WARNING * * *
The centaur warrior shoots an arrow.
The arrow hits you!
* * * LOW HITPOINT WARNING * * *
You hear a shout!
Casting: Iron Shot (mildly dangerous; 1% risk of failure)
Confirm with . or Enter, or press ? or * to list all spells.
Aiming: Iron Shot (mildly dangerous; 1% risk of failure)
Press: ? - help, Shift-Dir - straight line, f - centaur warrior
Aim: a centaur warrior, wielding a +0 shortbow and quivering arrows (black smoke, severely wounded, slow, 82% to hit)
The iron shot hits the centaur warrior!!!
You kill the centaur warrior!
* * * LOW HITPOINT WARNING * * *
Unknown command.
Found a stone staircase leading down.
The ironbound frostheart calls freezing cold from the walls.
The frost grips you!!
You die...
Your body glows slightly and disappears.

.,,,,,,,,,,,,,,,,,,,,,,,,,,,',,,,
.,,,,,,,,,,,,,,,,,,,,,,,,,,,*,,,,
.,,,,,,,,,,,,,,,,,,,,,,,,,,,*,,,,
#*********************#.....#,,,,
********* #.pp..#**** *,,,,,,,*
#..p..# *,,,,,,,* #.....#
*,,,,,,,#############p)...#****
*,,,,,,,#.....@.....#§))..#..,,
*,,,,,,,+.....#.....#c§...#..,,
*,,,,,,,#.....#.....#§§§..'.),,
***,,,,,,,#...#####...#cp§..#..,,
,,,,,,,,,,#.>.* #...#§§§..'..,,
,,,,,,,,,,#.#** ###.p§§§..'..,,
,,,∩,,,,,,#.,,* #...#.....'..,,
,,,,,,,,,,#,,,****#...#.§...###**
,,,,,,,,,,*,,,,,*.....#.....#


You could see an ironbound frostheart.

Vanquished Creatures
  Saint Roka (Vaults:1)
  Arachne (Spider:3)
  Rupert (Lair:4)
  Jorgrun (Spider:1)
  Gastronok (D:10)
  A kraken (Shoals:3)
  Kirke (Spider:4)
  Donald (Spider:2)
  A fire giant (Vaults:2)
  4 emperor scorpions (Spider:4)
  4 ghost moths
  2 orc warlords
  4 vault wardens
  Aizul (Spider:4)
  6 ironbound preservers
  A stone giant (Vaults:2)
  Nessos (D:13)
  A very ugly thing (Vaults:2)
  A dire elephant (Vaults:1)
  3 entropy weavers
  A minotaur (Gauntlet)
  Azrael (Orc:2)
  An ettin (D:15)
  Snorg (D:10)
  12 merfolk impalers
  7 merfolk javelineers
  2 ironbound thunderhulks
  A great orb of eyes (Vaults:1)
  5 boulder beetles
  10 vault guards
  A ghost crab (Gauntlet)
  8 hydras
  5 ironbound frosthearts
  4 merfolk avatars
  3 merfolk aquamancers
  An alligator snapping turtle (Shoals:3)
  14 centaur warriors
  7 two-headed ogres
  4 satyrs (Shoals:4)
  4 death scarabs (Spider:4)
  2 thrashing horrors (Lair:6)
  Urug (D:10)
  3 ironbound beastmasters (Vaults:1)
  Sonja (D:13)
  2 fire crabs (Shoals:4)
  18 sea snakes
  23 deep trolls
  A glowing orange brain (Shoals:3)
  4 orc knights
  A wolf spider zombie (Spider:4)
  A kraken simulacrum (Shoals:4)
  6 lindwurms
  8 wizards
  5 spectral wolf spiders (Spider:4)
  28 orb spiders
  13 ironbound convokers
  A necromancer (D:15)
  4 deep elf pyromancers
  2 orc sorcerers
  27 wolf spiders
  14 harpies
  22 ugly things
  18 fauns
  2 oklob plants (Lair:4)
  5 cyclopes
  10 manticores
  A shining eye (Shoals:4)
  2 moths of wrath (Spider:4)
  9 black mambas
  4 water nymphs
  6 elephants
  A molten gargoyle (Volcano)
  12 merfolk sirens
  Joseph (D:9)
  Maurice (D:11)
  An eye of devastation (Gauntlet)
  5 vault sentinels
  A torpor snail (Lair:6)
  11 cane toads
  3 smoke demons
  20 demonic crawlers
  2 gargoyles
  2 rime drakes
  An unseen horror (D:13)
  12 yaktaurs
  A torpor snail (shapeshifter) (Lair:6)
  10 komodo dragons
  4 spectral redbacks (Spider:4)
  A redback zombie (Spider:4)
  3 freezing wraiths (D:15)
  An ancient zyme (Lair:6)
  5 tengu conjurers
  The ghost of seaofthunder the Skirmisher, an amateur HOFi (D:5)
  43 jumping spiders
  36 merfolk
  7 wind drakes
  10 hornets
  A polar bear (Vaults:2)
  A meliai (shapeshifter) (Lair:6)
  7 trolls
  3 spectral jumping spiders (Spider:4)
  2 tarantella zombies (Spider:4)
  25 blink frogs
  3 dream sheep (Shoals:3)
  3 spectral tarantellas (Spider:4)
  4 large abominations (Lair:6)
  A dream sheep (shapeshifter) (D:15)
  14 snapping turtles
  16 slime creatures
  82 redbacks
  2 ynoxinuls (Lair:6)
  Sigmund (D:3)
  32 tarantellas
  A spriggan (Lair:6)
  6 water elementals
  4 wyverns
  4 fire bats
  36 yaks
  2 wraiths
  Eustachio (D:4)
  5 fire elementals (Orc:2)
  2 hogs (Spider:4)
  5 basilisks
  4 dancing weapons
  10 small abominations (Lair:6)
  3 steam dragons
  Menkaure (D:4)
  4 wargs
  4 acid dragons
  7 water moccasins
  A floating eye (Gauntlet)
  2 hell hounds
  3 spectral hornets (Spider:4)
  An ice beast (D:6)
  5 black bears
  2 necrophages (D:6)
  47 orc warriors
  2 sky beasts
  19 wolves
  A hornet zombie (Spider:4)
  6 ogres
  4 boggarts (D:14)
  14 centaurs
  2 kobold brigands (D:8)
  Blork the orc (D:4)
  A gnoll sergeant (D:9)
  13 bullfrogs
  A scorpion (D:4)
  A wyvern zombie (D:8)
  7 killer bees
  An electric eel (D:6)
  4 wights (D:10)
  3 howler monkeys (D:13)
  5 lava snakes (Volcano)
  3 centaur zombies
  14 orc priests
  2 jellies
  2 centaur skeletons
  A hound (D:5)
  Jessica (D:2)
  A bullfrog skeleton (D:5)
  An iguana (D:5)
  22 orc wizards
  6 hell rats (Lair:5)
  2 killer bee zombies
  7 gnolls
  5 adders
  A white imp (D:6)
  2 ufetubi
  4 adder skeletons (D:4)
  2 worms
  2 dart slugs
  99 orcs
  7 ball pythons
  7 endoplasms
  3 giant cockroaches
  17 goblins
  19 hobgoblins
  7 jackals
  3 quokkas
  6 bats
  7 frilled lizards
  16 kobolds
  8 rats
  18 fulminant prisms
1305 creatures vanquished.

Vanquished Creatures (collateral kills)
  An ironbound thunderhulk (Vaults:2)
  An orc knight (Vaults:2)
  3 wolf spiders
  A torpor snail (Spider:3)
  2 yaktaurs (Vaults:1)
  2 jumping spiders
  6 redbacks
  3 tarantellas
  A spectral hornet (Spider:4)
  Duvessa (D:5)
  A centaur (D:8)
  Dowan (D:5)
23 creatures vanquished.

Vanquished Creatures (others)
  A wolf spider (Spider:2)
  A manticore (Shoals:3)
  A torpor snail (Spider:1)
  2 dancing weapons
  2 redbacks
  2 tarantellas
  A water elemental (Shoals:3)
  3 humans (Spider:4)
  715 fulminant prisms
  25 fungi
  130 plants
  4 tentacles (Shoals:3)
887 creatures vanquished.

Grand Total: 2215 creatures vanquished

Notes
Turn   | Place    | Note
-------+----------+-------------------------------------------
     0 | D:1      | TheDoctor the Djinni Hedge Wizard began the quest for the
                  | Orb.
     0 | D:1      | Reached XP level 1. HP: 15/15 MP: 0/0
    39 | D:1      | Reached skill level 1 in Fighting
   349 | D:1      | Reached XP level 2. HP: 19/22 MP: 0/0
   910 | D:1      | Reached XP level 3. HP: 26/28 MP: 0/0
   910 | D:1      | Learned a level 1 spell: Animate Skeleton
  1815 | D:2      | Reached XP level 4. HP: 25/34 MP: 0/0
  2313 | D:2      | Noticed Jessica
  2396 | D:2      | Killed Jessica
  2397 | D:2      | Reached XP level 5. HP: 24/40 MP: 0/0
  2397 | D:2      | Learned a level 2 spell: Ensorcelled Hibernation
  3031 | D:3      | Noticed Sigmund
  3059 | D:3      | Killed Sigmund
  3060 | D:3      | Reached XP level 6. HP: 29/48 MP: 0/0
  3653 | D:3      | Noticed a black bear
  3664 | D:3      | Killed a black bear
  3665 | D:3      | Reached XP level 7. HP: 37/53 MP: 0/0
  3665 | D:3      | Learned a level 3 spell: Tukima's Dance
  4571 | D:4      | Noticed Eustachio
  4589 | D:4      | Killed Eustachio
  4590 | D:4      | Reached skill level 5 in Fighting
  4706 | D:4      | Identified the +5 trident "Quovuhuf" {freeze, rPois SInv}
  4857 | D:4      | Noticed Blork the orc
  4874 | D:4      | Killed Blork the orc
  5359 | D:4      | Noticed Menkaure
  5467 | D:4      | Reached skill level 5 in Spellcasting
  5467 | D:4      | Reached XP level 8. HP: 55/61 MP: 0/0
  5635 | D:5      | Entered Level 5 of the Dungeon
  5968 | D:5      | Found a runed translucent door.
  5969 | D:5      | Noticed seaofthunder's ghost (amateur HOFi)
  6380 | D:5      | Found a staircase to the Ecumenical Temple.
  6445 | Temple   | Entered the Ecumenical Temple
  6670 | D:5      | Killed seaofthunder's ghost
  6801 | D:5      | Found a bloodstained altar of Trog.
  6944 | D:5      | Reached XP level 9. HP: 35/68 MP: 0/0
  6944 | D:5      | Learned a level 4 spell: Fulminant Prism
  7285 | D:5      | Found a runed translucent door.
  7428 | D:5      | Noticed Duvessa
  7429 | D:5      | Noticed Dowan
  7448 | D:5      | Killed Dowan
  7450 | D:5      | Killed Duvessa
  7929 | D:4      | Killed Menkaure
  8790 | D:6      | Found an opulent altar of Gozag.
  8866 | D:6      | Found a shadowy altar of Dithmenos.
  8883 | D:6      | Found a glowing golden altar of the Shining One.
  9352 | D:7      | Found Ysin's General Store.
  9517 | D:7      | Reached XP level 10. HP: 61/78 MP: 0/0
  9644 | D:7      | Bought a potion of curing for 39 gold pieces
  9644 | D:7      | Bought a scroll of teleportation for 39 gold pieces
 10424 | D:8      | Found a staircase to the Lair.
 10665 | D:8      | Reached skill level 10 in Fighting
 11567 | D:9      | Found a broken altar of Ashenzari.
 11938 | D:9      | Noticed a two-headed ogre
 11960 | D:9      | Killed a two-headed ogre
 11961 | D:9      | Reached XP level 11. HP: 45/87 MP: 0/0
 11961 | D:9      | Learned a level 5 spell: Silence
 12492 | D:9      | Reached skill level 1 in Evocations
 13146 | D:9      | Noticed Joseph
 13165 | D:9      | Killed Joseph
 13671 | D:10     | Entered Level 10 of the Dungeon
 14098 | D:10     | Noticed a two-headed ogre
 14131 | D:10     | Killed a two-headed ogre
 14163 | D:10     | Noticed Urug
 14532 | D:10     | Noticed a two-headed ogre
 14536 | D:10     | Killed a two-headed ogre
 14537 | D:10     | Reached skill level 5 in Evocations
 14568 | D:10     | Killed Urug
 14936 | D:10     | Reached skill level 10 in Spellcasting
 14969 | D:10     | Noticed Snorg
 14994 | D:10     | Killed Snorg
 15030 | D:10     | Noticed Gastronok
 15185 | D:10     | Killed Gastronok
 15186 | D:10     | Reached XP level 12. HP: 93/94 MP: 0/0
 15673 | D:10     | Found Cheibriados's Comfort Zone.
 15675 | D:10     | Found a snail-covered altar of Cheibriados.
 15843 | D:10     | Found a sparkling altar of Nemelex Xobeh.
 16286 | D:10     | Became a worshipper of Nemelex Xobeh the Trickster
 16346 | Lair:1   | Entered Level 1 of the Lair of Beasts
 16563 | Lair:1   | Found a gate leading to a gauntlet.
 16571 | Gauntlet | Entered a Gauntlet
 16571 | Gauntlet | Found a transporter.
 16571 | Gauntlet | Found a transporter.
 16575 | Gauntlet | Found a transporter.
 16575 | Gauntlet | Found a transporter.
 16581 | Gauntlet | Noticed a ghost crab
 16585 | Gauntlet | Found a transporter.
 16606 | Gauntlet | Found a transporter.
 16606 | Gauntlet | Noticed a dire elephant
 16611 | Gauntlet | Found a transporter.
 16611 | Gauntlet | Noticed a ghost crab
 16611 | Gauntlet | Noticed a reaper
 16612 | Gauntlet | Found a transporter.
 16614 | Gauntlet | Found a transporter.
 16620 | Gauntlet | Found a transporter.
 16656 | Gauntlet | Found a transporter.
 16676 | Gauntlet | Found a transporter.
 16709 | Gauntlet | Found a transporter.
 16723 | Gauntlet | Found a transporter.
 16745 | Gauntlet | Found the +9 scales of the Dragon King {rPois rF+ rC+
                  | Will+}
 16825 | Gauntlet | Found a transporter.
 16842 | Gauntlet | Found a transporter.
 17151 | Gauntlet | Identified the ring "Yfearo Qugho" {Fire *Slow rPois rCorr
                  | Dex+4}
 17263 | Gauntlet | Killed a ghost crab
 17400 | Gauntlet | Noticed a minotaur
 17486 | Gauntlet | Killed a minotaur
 17712 | Lair:1   | Noticed a four-headed hydra
 17732 | Lair:1   | Killed a four-headed hydra
 17733 | Lair:1   | Reached XP level 13. HP: 99/99 MP: 0/0
 17733 | Lair:1   | Learned a level 5 spell: Metabolic Englaciation
 18070 | Lair:1   | Reached * piety under Nemelex Xobeh
 18316 | Lair:2   | Reached skill level 10 in Evocations
 18347 | Lair:2   | Noticed a seven-headed hydra
 18367 | Lair:2   | Killed a seven-headed hydra
 18524 | Lair:2   | Found a staircase to the Shoals.
 18531 | Lair:2   | Noticed a four-headed hydra
 18540 | Lair:2   | Killed a four-headed hydra
 18628 | Lair:2   | Received a gift from Nemelex Xobeh
 18825 | Lair:2   | Found a hole to the Spider Nest.
 19178 | Lair:3   | Noticed a four-headed hydra
 19227 | Lair:3   | Killed a four-headed hydra
 19347 | Lair:3   | Reached ** piety under Nemelex Xobeh
 19348 | Lair:3   | Found a runed translucent gate.
 19348 | Lair:3   | Found a runed translucent gate.
 19348 | Lair:3   | Found a runed translucent gate.
 19349 | Lair:3   | Noticed GlazedDonut's ghost (journeyman MiBe)
 20049 | Lair:4   | You are sucked into a shaft and drop 2 floors!
 20049 | Lair:6   | Entered Level 6 of the Lair of Beasts
 20052 | Lair:6   | Received a gift from Nemelex Xobeh
 20111 | Lair:6   | Noticed an eight-headed hydra
 20125 | Lair:6   | Killed an eight-headed hydra
 20255 | Lair:5   | Noticed a seven-headed hydra
 20279 | Lair:5   | Reached XP level 14. HP: 94/105 MP: 0/0
 20319 | Lair:5   | Reached *** piety under Nemelex Xobeh
 20550 | Lair:5   | Found a dark tunnel.
 20578 | Volcano  | Entered a volcano
 20601 | Volcano  | Received a gift from Nemelex Xobeh
 20886 | Volcano  | Found a bloodstained altar of Trog.
 21860 | Lair:4   | Received a gift from Nemelex Xobeh
 21869 | Lair:4   | Noticed Rupert
 21918 | Lair:4   | Paralysed by Rupert for 6 turns
 21943 | Lair:4   | Killed Rupert
 22030 | Lair:4   | Reached **** piety under Nemelex Xobeh
 22376 | Lair:4   | Received a gift from Nemelex Xobeh
 22836 | Lair:6   | Found a basalt altar of Yredelemnul.
 23670 | Lair:6   | Reached XP level 15. HP: 107/110 MP: 0/0
 23670 | Lair:6   | Learned a level 6 spell: Dispersal
 23920 | Lair:6   | Received a gift from Nemelex Xobeh
 23953 | Lair:6   | Found a corrupted altar of Lugonu.
 23953 | Lair:6   | Found a one-way gate to the infinite horrors of the Abyss.
 24136 | Lair:6   | Found a staircase to the Slime Pits.
 24617 | D:11     | Noticed Maurice
 24664 | D:11     | Killed Maurice
 24877 | D:11     | Reached ***** piety under Nemelex Xobeh
 24897 | D:11     | Found a staircase to the Orcish Mines.
 25182 | D:12     | Received a gift from Nemelex Xobeh
 25314 | D:12     | Found a white marble altar of Elyvilon.
 26144 | D:13     | Noticed Sonja
 26147 | D:13     | Reached skill level 1 in Armour
 26153 | D:13     | Killed Sonja
 26213 | D:13     | Noticed Nessos
 26233 | D:13     | Killed Nessos
 26403 | D:13     | Received a gift from Nemelex Xobeh
 26958 | D:14     | Reached skill level 15 in Evocations
 27090 | D:14     | Found Wuedimmo's Distillery.
 27131 | D:14     | Reached skill level 5 in Armour
 27178 | D:14     | Bought a potion of flight for 48 gold pieces
 27178 | D:14     | Bought a potion of lignification for 48 gold pieces
 27178 | D:14     | Bought a potion of brilliance for 64 gold pieces
 27260 | D:14     | Found a gate to the Vaults.
 27467 | D:14     | Received a gift from Nemelex Xobeh
 27866 | D:14     | Identified the +0 chain mail "Fan Luw" {*Slow rElec rN++
                  | Slay+2 Stlth-}
 27903 | D:15     | Entered Level 15 of the Dungeon
 27969 | D:15     | Received a gift from Nemelex Xobeh
 27979 | D:15     | Reached XP level 16. HP: 108/116 MP: 0/0
 28378 | D:15     | Reached ****** piety under Nemelex Xobeh
 28959 | D:15     | Received a gift from Nemelex Xobeh
 29101 | D:15     | Found a staircase to the Depths.
 29182 | D:15     | Found a portal to a secret trove of treasure.
 29618 | Orc:1    | Entered Level 1 of the Orcish Mines
 29639 | Orc:1    | You are sucked into a shaft and drop 1 floor!
 29639 | Orc:2    | Entered Level 2 of the Orcish Mines
 29695 | Orc:2    | Reached skill level 1 in Invocations
 30116 | Orc:1    | Found a burning altar of Makhleb.
 30332 | Orc:2    | Noticed Azrael
 30352 | Orc:2    | Killed Azrael
 30425 | Orc:2    | Reached skill level 5 in Invocations
 30439 | Orc:2    | HP: 2/116 [orc warrior/bolt (4)]
 30671 | Orc:2    | Found a staircase to the Elven Halls.
 30690 | Orc:2    | Received a gift from Nemelex Xobeh
 30692 | Orc:2    | Found Gaixuwow's Weapon Shop.
 30818 | Orc:2    | Found Faniekk's Distillery.
 30818 | Orc:2    | Found Haump's Magic Scroll Shoppe.
 30820 | Orc:2    | Found Pafi Micw's Armour Emporium.
 30822 | Orc:2    | Found Merow's Armour Shop.
 31059 | Orc:2    | Bought the +8 lance "Wyrmbane" {slay drac, rPois rF+ rC+
                  | AC+3} for 1292 gold pieces
 31059 | Orc:2    | Found the +8 lance "Wyrmbane" {slay drac, rPois rF+ rC+
                  | AC+3}
 31097 | Orc:2    | Bought a +1 kite shield of reflection for 148 gold pieces
 31216 | Orc:1    | Reached skill level 1 in Shields
 31657 | Spider:1 | Entered Level 1 of the Spider Nest
 31789 | Spider:1 | Noticed Jorgrun
 31800 | Spider:1 | Killed Jorgrun
 32160 | Spider:1 | Received a gift from Nemelex Xobeh
 32709 | Spider:1 | Reached skill level 5 in Shields
 32709 | Spider:1 | Reached XP level 17. HP: 82/121 MP: 0/0
 32709 | Spider:1 | Learned a level 6 spell: Iron Shot
 33360 | Spider:2 | Noticed Donald
 33447 | Spider:2 | Killed Donald
 33837 | Spider:2 | Received a gift from Nemelex Xobeh
 34911 | Spider:3 | Noticed Arachne
 34913 | Spider:3 | Killed Arachne
 34996 | Spider:3 | Received a gift from Nemelex Xobeh
 35041 | Spider:3 | Reached skill level 10 in Invocations
 35696 | Spider:4 | Entered Level 4 of the Spider Nest
 36079 | Spider:4 | Reached XP level 18. HP: 110/128 MP: 0/0
 36444 | Spider:4 | Noticed Aizul
 36463 | Spider:4 | Killed Aizul
 36476 | Spider:4 | Reached skill level 10 in Shields
 36723 | Spider:4 | Noticed Kirke
 36744 | Spider:4 | Killed Kirke
 36899 | Spider:4 | Received a gift from Nemelex Xobeh
 38147 | Spider:4 | Got a gossamer rune of Zot
 38647 | Shoals:1 | Entered Level 1 of the Shoals
 39042 | Shoals:1 | Reached XP level 19. HP: 107/132 MP: 0/0
 39042 | Shoals:1 | Learned a level 7 spell: Storm Form
 39209 | Shoals:1 | Received a gift from Nemelex Xobeh
 39486 | Shoals:1 | Found a runed translucent gate.
 39487 | Shoals:1 | Found a runed translucent gate.
 39488 | Shoals:1 | Found a runed translucent gate.
 39491 | Shoals:1 | Found an opulent altar of Gozag.
 39491 | Shoals:1 | Noticed cdecastro's ghost (adept MiBe)
 40372 | Shoals:2 | Received a gift from Nemelex Xobeh
 40869 | Shoals:2 | Received a gift from Nemelex Xobeh
 41445 | Shoals:3 | Identified the +6 rapier "Ruref" {drain, Str-2 Int+3 Dex+5}
 41513 | Shoals:3 | Found Qeruik's CLEARANCE SALE! EVERYTHING MUST GO!.
 41522 | Shoals:3 | Bought a scroll of identify for 8 gold pieces
 41898 | Shoals:3 | Received a gift from Nemelex Xobeh
 42491 | Shoals:3 | Received a gift from Nemelex Xobeh
 42642 | Shoals:4 | Entered Level 4 of the Shoals
 43210 | Shoals:4 | Reached XP level 20. HP: 39/140 MP: 0/0
 43340 | Shoals:4 | Reached skill level 15 in Spellcasting
 44141 | Shoals:4 | Received a gift from Nemelex Xobeh
 44320 | Shoals:4 | Reached skill level 5 in Dodging
 44402 | Shoals:4 | Identified the +8 morningstar of the Vaults {venom, rElec}
 44484 | Shoals:4 | Got a barnacled rune of Zot
 44983 | Depths:1 | Entered Level 1 of the Depths
 45063 | Vaults:1 | Entered Level 1 of the Vaults
 45063 | Vaults:1 | Found Wymyxtuw's Antique Armour Emporium.
 46030 | Vaults:1 | Received a gift from Nemelex Xobeh
 46353 | Vaults:1 | Noticed Saint Roka
 46374 | Vaults:1 | Killed Saint Roka
 46689 | Vaults:1 | Received a gift from Nemelex Xobeh
 46829 | Vaults:1 | Reached XP level 21. HP: 106/150 MP: 0/0
 46829 | Vaults:1 | Learned a level 7 spell: Spellforged Servitor
 47925 | Vaults:2 | Found Femit's Distillery.
 47994 | Vaults:2 | Found Irphaxzo's Armour Boutique.
 47995 | Vaults:2 | Found a flickering gateway to a bazaar.
 48019 | Bazaar   | Entered a bazaar
 48022 | Bazaar   | Found Inymidghu's Book Boutique.
 48070 | Bazaar   | Found Leacu's Jewellery Emporium.
 48078 | Bazaar   | Found Tuena's Armour Shop.
 48096 | Bazaar   | Found Tiqe's Weapon Emporium.
 48101 | Bazaar   | Found Degywu Pari's Magic Scroll Emporium.
 48172 | Bazaar   | Bought a scroll of blinking for 112 gold pieces
 48172 | Bazaar   | Bought a scroll of blinking for 112 gold pieces
 48172 | Bazaar   | Bought a scroll of acquirement for 780 gold pieces
 48228 | Vaults:2 | Received a gift from Nemelex Xobeh
 48399 | Vaults:2 | Found Isefu's Book Shop.
 49085 | Vaults:2 | Killed from afar by an ironbound frostheart

Illustrated notes

Levels and vault maps discovered:
D:1:      nzn_arrival_crosshair, layout_basic
D:2:      layout_rooms, uniq_jessica
D:3:      layout_basic, uniq_sigmund
D:4:      layout_loops_corners, uniq_menkaure, uniq_eustachio,
          uniq_blork_the_orc
D:5:      layout_basic, mainiacjoe_overflow_catwalk, minmay_temple_entry_wispy,
          ebering_ghost_sewer_f, uniq_duvessa
D:6:      layout_loops_ring, nicolae_overflow_crystal_walls,
          mainiacjoe_overflow_catch_the_wave,
          lightli_ossuary_entry_decrepit_ruins
D:7:      layout_rooms, serial_shops, shop
D:8:      layout_rooms, lair_entry_dummy, serial_glass, glass_columns_a,
          glass_columns_b
D:9:      corexii_shack_village, layout_gridville,
          mainiacjoe_overflow_small_starburst, uniq_joseph
D:10:     layout_layer_cave, mainiacjoe_overflow_brackets,
          minmay_misc_feat_five, hangedman_decor_clover_reticule,
          minmay_shop_chei, minivault_16, uniq_gastronok, uniq_urug, uniq_snorg
D:11:     layout_loops_ring, orc_0_dummy, uniq_maurice
D:12:     layout_long_grid, elyvilon_altar_5
D:13:     layout_stronghold, uniq_nessos, uniq_sonja
D:14:     layout_irregular_city, erik_vaults_2, serial_shops, shop
D:15:     hangedman_depths_entry_civil_slaughter, layout_irregular_city,
          nicolae_trove_entry_columns, portal_ice_cave_entry_frozen_things
Temple:   regret_index_temple_sphere_string
Lair:1:   layout_chaotic_city, gauntlet_entry_generic, grunt_megastairs_4
Lair:2:   layout_hall_layers, elwin_shoals_entry_rocks,
          spider_nest_entry_funnel_web
Lair:3:   layout_loops_ring, ebering_ghost_rock_garden
Lair:4:   layout_hall_layers, minmay_lair_oklob_chamber, uniq_rupert
Lair:5:   layout_long_grid, nicolae_volcano_entry_hallway, grunt_megastairs_2
Lair:6:   hellmonk_lair_end_abyssal_woods, layout_gridlike,
          minmay_slime_entry_oklob_enclosed, basic_altar, serial_bayou_shore_a
Shoals:1: layout_shoals, ebering_ghost_gozag
Shoals:2: layout_shoals, nicolae_shoals_mertower
Shoals:3: layout_shoals, nicolae_shop_clearance
Shoals:4: shoals_end_grunt_ice, layout_shoals, hangedman_shoal_volcano
Spider:1: layout_chambers, uniq_jorgrun
Spider:2: layout_spider_delve, nicolae_spider_checkerboard, uniq_donald
Spider:3: layout_spider_delve, nicolae_spider_orb_run, uniq_arachne
Spider:4: floodkiller_spider_rune_tomb, drop_trap, nicolae_spider_circle_web,
          nicolae_spider_not_touching_you, uniq_aizul, uniq_kirke
Orc:1:    cheibrodos_orc_bank, layout_caves, bloody_makhleb
Orc:2:    st_orc_rangers, layout_caves, serial_shops, nicolae_shop_trees,
          uniq_azrael
Vaults:1: ontoclasm_vaults_eye, nicolae_vaults_rhombus_5, grunt_vaults_twisty,
          nicolae_vaults_theta, v_misc_13, ontoclasm_vaults_fault, v_misc_31,
          vaults_mumra_minichess_inversion, hangedman_vaults_snaps,
          vaults_room_corners, vaults_dpeg_encased_lava,
          grunt_vaults_hallway_short, nicolae_vaults_gold_heap,
          layout_vaults_chaotic_city, serial_shops, shop, uniq_saint_roka
Vaults:2: v_misc_24, serial_ice_h, v_misc_25, hangedman_vaults_river_flow,
          vaults_dpeg_ring, ontoclasm_vaults_ring_small, vaults_room_semicircle,
          nicolae_vaults_display_case, grunt_vaults_hallway_long,
          grunt_vaults_swirl, vaults_standard_mumra_x, layout_vaults_ring,
          serial_shops, freezing_bzr, shop, nicolae_shop_overgrown_old_shop,
          shop, shop_statue
Depths:1: layout_long_grid, serial_shops, shop, grunt_metal_band,
          rand_demon_pan_entry_5, nicolae_hepliaklqana_hazy_memory, drop_trap,
          hangedman_abyss_or_decor_slice, fedhas_altar_fruit_tree,
          minmay_shop_grove, kennysheep_random_hallway, serial_bayou_shore_b

Skill      XL: |  1  2  3  4  5  6  7  8  9 10 11 12 13 14 15 16 17 18 19 20 21 |
---------------+----------------------------------------------------------------+-----
Fighting       | 1 2 3 4 5 7 9 11 13 14 | 14.1
Spellcasting   | 3 4 5 6 7 8 10 11 12 13 14 15 | 15.6
Evocations     | 7 9 11 13 15 | 15.7
Armour         | 5 7 |  7.1
Invocations    | 7 10 13 14 | 14.0
Shields        | 5 9 12 13 | 13.0
Dodging        | 8 9 |  9.8
Stealth        | |  1.5

Action                   |  1- 3 |  4- 6 |  7- 9 | 10-12 | 13-15 | 16-18 | 19-21 || total
-------------------------+-------+-------+-------+-------+-------+-------+-------++-------
Melee: Dagger            |     1 |    16 |    52 |     4 |    11 |       |       ||    84
       Rapier            |       |       |     7 |       |       |       |     7 ||    14
       Trident           |       |       |    33 |    46 |       |       |       ||    79
       Staff             |       |       |       |     3 |     2 |       |       ||     5
       Lance             |       |       |       |       |       |   562 |    42 ||   604
Throw: Dart              |       |       |       |     6 |     1 |       |     1 ||     8
 Cast: Magic Dart        |    83 |    95 |   208 |   299 |   303 |   241 |    30 ||  1259
       Mephitic Cloud    |       |     4 |    10 |    52 |    44 |   124 |    41 ||   275
       Animate Skeleton  |       |     3 |    11 |     2 |       |     1 |     1 ||    18
       Ensorcelled Hiber |       |     1 |     2 |     5 |     2 |     2 |     1 ||    13
       Conjure Flame     |       |     1 |     2 |       |       |       |     1 ||     4
       Tukima's Dance    |       |       |     6 |     8 |     1 |     2 |       ||    17
       Slow              |       |       |     3 |    14 |       |       |       ||    17
       Blink             |       |       |     1 |     3 |     3 |     5 |       ||    12
       Call Imp          |       |       |     1 |     1 |       |       |       ||     2
       Fulminant Prism   |       |       |    15 |   105 |   316 |   273 |    27 ||   736
       Metabolic Englaci |       |       |       |       |    32 |    15 |    11 ||    58
       Dispersal         |       |       |       |       |       |    19 |     3 ||    22
       Silence           |       |       |       |       |       |     3 |       ||     3
       Iron Shot         |       |       |       |       |       |   209 |   582 ||   791
       Spellforged Servi |       |       |       |       |       |       |     8 ||     8
       Storm Form        |       |       |       |       |       |       |     2 ||     2
Invok: Draw Destruction  |       |       |       |       |     4 |    19 |    18 ||    41
       Deal Four         |       |       |       |       |       |     5 |     2 ||     7
       Triple Draw       |       |       |       |       |       |     3 |     1 ||     4
       Draw Escape       |       |       |       |       |       |       |     1 ||     1
 Abil: End Transformatio |       |       |       |       |       |       |     2 ||     2
Evoke: Wand              |       |       |     7 |       |     5 |    15 |     4 ||    31
       Phantom mirror    |       |       |       |       |       |     1 |       ||     1
  Use: Scroll            |       |       |       |    11 |     5 |     6 |    11 ||    33
       Potion            |       |       |       |     1 |       |     7 |     1 ||     9
 Stab: Confused          |       |     1 |     3 |     6 |       |    38 |     9 ||    57
       Sleeping          |       |     1 |     2 |     1 |       |     1 |       ||     5
       Distracted        |       |       |       |       |       |     1 |       ||     1
       Paralysed         |       |       |       |       |       |     1 |       ||     1
Armor: Robe              |     5 |     6 |    28 |       |       |       |       ||    39
       Steam dragon scal |       |       |       |    39 |       |       |       ||    39
       Troll leather arm |       |       |       |    34 |    60 |   548 |    46 ||   688
Dodge: Dodged            |    13 |    20 |    92 |    98 |   164 |  1040 |   135 ||  1562
Block: Kite shield       |       |       |       |       |       |    12 |   171 ||   183
       Reflection        |       |       |       |       |       |     1 |    56 ||    57
